 Dungeon Crawl Stone Soup version 0.30.0-20-g3615ddf2f0 (webtiles) character file.

Game seed: 9187999587549408746

58 qw the Chopper (level 4, 0/28 HPs)
             Began as a Gargoyle Fighter on May 31, 2023.
             Killed by nerve-wracking pain
             ... invoked by Jessica
              (7 damage)
             ... on level 3 of the Dungeon.
             The game lasted 00:00:39 (1929 turns).

qw the Chopper (Gargoyle Fighter)                   Turns: 1929, Time: 00:00:39

Health: 0/28       AC: 11    Str: 21    XL:     4   Next: 1%
Magic:  4/4        EV:  9    Int:  9    God:
Gold:   178        SH:  4    Dex:  9    Spells: 3/3 levels left

rFire   . . .        Y - +1 war axe
rCold   . . .        c - +0 buckler
rNeg    + . .        b - +0 scale mail
rPois   inf          (no helmet)
rElec   +            (no cloak)
rCorr   .            j - +0 pair of gloves
SInv    .            (no boots)
Will    .....        (no amulet) Stlth
                     (no ring)
HPRegen 0.24/turn    (no ring)
MPRegen 0.09/turn

%: no passive effects
@: slowed, very slow
A: sickness immunity, AC +3, negative energy resistance 1, electricity
resistance, torment resistance 1, petrification resistance
a: no special abilities


You were on level 3 of the Dungeon.
You visited 1 branch of the dungeon, and saw 3 of its levels.

You collected 178 gold pieces.


Innate Abilities, Weirdness & Mutations

You are immune to sickness and miasma.
Your stone body is resilient. (AC +3)
You are immune to poison.
You resist negative energy. (rN+)
You are resistant to electric shocks. (rElec)
You are resistant to unholy torment.
You are immune to petrification.


   Skills:
 - Level 3.2 Fighting
 + Level 3.3 Axes
 - Level 1.3 Throwing
 - Level 3.2 Armour
 - Level 3.2 Shields


You had 3 spell levels left.
You didn't know any spells.
Your spell library was empty.

Inventory:

Hand Weapons
 h - a +0 mace of holy wrath
 Y - a +1 war axe (weapon)
Missiles
 g - 5 javelins (quivered)
Armour
 b - a +0 scale mail (worn)
 c - a +0 buckler (worn)
 j - a +0 pair of gloves (worn)
Jewellery
 f - a ring of ice
Scrolls
 a - 8 scrolls of identify
 k - 4 scrolls of teleportation
 l - a scroll of blinking {unknown}
Potions
 d - a potion of might
 e - a potion of invisibility {unknown}
 i - a potion of attraction {unknown}
 n - 2 potions of curing

Dungeon Overview and Level Annotations

Branches:
Dungeon (3/15)

Altars:
Makhleb

Annotations:
D:3 Jessica


Message History

Enter note:
Enter note:
Enter note:
Enter note:
Enter note:
Enter note:
Enter note:
Enter note:
Enter note: Jessica closely misses you.
Enter note:
Enter note:
Enter note:
Enter note: You closely miss Jessica.
Jessica barely misses you.
You closely miss Jessica. Jessica hits you but does no damage.
Jessica hits you with a +0 club.
You barely miss Jessica. Jessica hits you with a +0 club.
You hit Jessica.
Jessica is moderately wounded.
Jessica hits you with a +0 club. Jessica barely misses you.
You hit Jessica.
Jessica is severely wounded.
Jessica closely misses you.
You completely miss Jessica.
Jessica is severely wounded.
Jessica gestures at you while chanting.
You feel yourself slow down.
Jessica mumbles some strange words.
Jessica seems to speed up.
You closely miss Jessica.
Jessica is severely wounded.
Jessica hits you with a +0 club.
Jessica points at you and mumbles some strange words.
Pain shoots through your body!
Jessica points at you and mumbles some strange words.
Pain shoots through your body!
You die...

### ..# #.# #.# #
#.################.#####
................@@......
#.####....####.#########
#.# #.....# #... #.#
#.....# #.### #.#
#.#'#.# #.# #.#
#.#.#.####.# #.#
#.#......#.# #.#
#.###.##.#.#
#.###.....##.#


You could see Jessica (fast).

Vanquished Creatures
  2 adders
  A dart slug (D:1)
  4 ball pythons
  5 endoplasms
  6 goblins
  6 hobgoblins
  2 quokkas (D:2)
  A bat (D:2)
  2 frilled lizards (D:1)
  3 kobolds
  3 rats
35 creatures vanquished.

Notes
Turn   | Place    | Note
-------+----------+-------------------------------------------
     0 | D:1      | qw the Gargoyle Fighter began the quest for the Orb.
     0 | D:1      | Reached XP level 1. HP: 14/14 MP: 1/1
     0 | D:1      | 0 ||| qw: Version: 0.2-a-102-gfc559e5
     0 | D:1      | 0 ||| qw: Game counter: 526
     0 | D:1      | 0 ||| qw: Always use a shield: true
     0 | D:1      | 0 ||| qw: God list: Okawaru
     0 | D:1      | 0 ||| qw: Allow faded altars: false
     0 | D:1      | 0 ||| qw: Do Orc after D:15 true
     0 | D:1      | 0 ||| qw: Do second Lair branch before Depths: true
     0 | D:1      | 0 ||| qw: Lair rune preference: random
     0 | D:1      | 0 ||| qw: Plans: Normal, Zot:1-4, Slime:5, God:TSO, Crypt,
                  | Tomb, Pan, Hells, Abyss, Win
     0 | D:1      | 0 ||| PLANNING D:1-11
    50 | D:1      | 50 ||| Stepping ~*~*~tactically~*~*~ (stealth).
   201 | D:1      | Reached XP level 2. HP: 19/19 MP: 2/2
   568 | D:1      | 568 ||| Stepping ~*~*~tactically~*~*~ (hiding).
   570 | D:1      | 570 ||| Stepping ~*~*~tactically~*~*~ (hiding).
   709 | D:1      | Reached skill level 3 in Axes
   767 | D:1      | 767 ||| READING 4 scrolls labelled FUHETANAAFU.
   768 | D:1      | 768 ||| READING scroll labelled JOM CUTHRUGREI.
   961 | D:1      | 961 ||| READING scroll labelled NOOTYNWOSOSH.
   962 | D:1      | 962 ||| READING scroll labelled LOSAKA CEUCOJU.
   963 | D:1      | 963 ||| READING scroll labelled IHIETUU VUXA.
   964 | D:1      | 964 ||| READING scroll labelled YQONOK OPOP.
   965 | D:1      | 965 ||| READING scroll labelled JUYLEIS INLOSIMAKK.
   966 | D:1      | 966 ||| READING 3 scrolls of identify.
   966 | D:1      | 966 ||| IDENTIFYING blue potion
  1002 | D:2      | Reached XP level 3. HP: 23/23 MP: 3/3
  1046 | D:2      | 1046 ||| Stepping ~*~*~tactically~*~*~ (stealth).
  1134 | D:2      | Reached skill level 1 in Throwing
  1409 | D:2      | 1409 ||| UPGRADING to +0 pair of gloves.
  1414 | D:2      | 1414 ||| READING scroll labelled TOSIDAOGEKO.
  1415 | D:2      | 1415 ||| READING scroll labelled FORCHI CUMIHAD.
  1416 | D:2      | 1416 ||| READING 2 scrolls labelled DAH WECEFAWYSETZE.
  1433 | D:2      | 1433 ||| DROPPING scroll of torment.
  1577 | D:3      | 1577 ||| Stepping ~*~*~tactically~*~*~ (hiding).
  1613 | D:3      | Reached XP level 4. HP: 28/28 MP: 4/4
  1622 | D:3      | Found a burning altar of Makhleb.
  1673 | D:3      | Found a faded altar of an unknown god.
  1919 | D:3      | Noticed Jessica
  1929 | D:3      | HP: 7/28 [Jessica/nerve-wracking pain (3)]
  1929 | D:3      | Killed from afar by Jessica

Levels and vault maps discovered:
D:1:      ncdulo_halloftheorcs, layout_loops_ring, kennysheep_small_spiral,
          chequers_serial_rivers_small_3
D:2:      layout_rooms, kennysheep_nub, hangedman_decor_riveting
D:3:      layout_basic, overflow_temple_1_default,
          shapermc_ecumenical_altar_mp_urbaneastern, uniq_jessica

Skill      XL: |  1  2  3 |
---------------+----------+-----
Axes           | 2 3 |  3.3
Throwing       | 1 |  1.3
Fighting       | |  3.2
Armour         | |  3.2
Shields        | |  3.2

Action                     |  1- 3 |  4- 6 || total
---------------------------+-------+-------++-------
  Melee: War axe           |    52 |     7 ||    59
  Throw: Javelin           |    36 |       ||    36
    Use: Scroll            |    11 |       ||    11
 Armour: Scale mail        |    20 |     1 ||    21
  Dodge: Dodged            |    28 |     4 ||    32
  Block: Buckler           |     8 |       ||     8

Table legend:
 A = Non-vault XP
 B = Vault XP
 C = Vault XP percentage of total XP
 D = Non-vault monster count
 E = Vault monster count
 F = Vault count percentage of total count
                 A         B        C        D         E       F
            +---------+---------+-------+---------+---------+-------
      Total |      83 |       0 |   0.0 |      35 |       0 |   0.0
            +---------+---------+-------+---------+---------+-------
        D:1 |      32 |       0 |   0.0 |      18 |       0 |   0.0
        D:2 |      31 |       0 |   0.0 |      12 |       0 |   0.0
        D:3 |      20 |       0 |   0.0 |       5 |       0 |   0.0
            +---------+---------+-------+---------+---------+-------
